 Dungeon Crawl Stone Soup version 0.28.0-53-g5a82cb258f (webtiles) character file.

Game seed: 16866589960114301417

16 moldycheese5 the Skirmisher (level 2, -1/24 HPs)
             Began as a Demonspawn Abyssal Knight on June 17, 2022.
             Was a Follower of Lugonu.
             Slain by a goblin
             ... wielding a +0 dagger
             ... led by Robin
              (3 damage)
             ... on level 2 of the Dungeon.
             The game lasted 00:01:03 (577 turns).

moldycheese5 the Skirmisher (DsAK)                   Turns: 577, Time: 00:01:04

Health: -1/24      AC:  3    Str: 13    XL:     2   Next: 37%
Magic:  3/3        EV: 11    Int: 11    God:    Lugonu [*.....]
Gold:   38         SH:  0    Dex: 13    Spells: 1/1 levels left

rFire   . . .      SeeInvis .   (no weapon)
rCold   . . .      Faith    .   (no shield)
rNeg    . . .      Spirit   .   b - +0 leather armour
rPois   .          Reflect  .   (no helmet)
rElec   .          Harm     .   (no cloak)
rCorr   .          Rampage  .   (no gloves)
Will    .....                   (no boots)
Stlth   +.........              (no amulet)
HPRegen 0.08/turn               (no ring)
MPRegen 0.08/turn               (no ring)

@: hasted, very quick
A: claws 1
a: Renounce Religion, Depart the Abyss


You were on level 2 of the Dungeon.
You worshipped Lugonu.
Lugonu was aware of your devotion.
You visited 1 branch of the dungeon, and saw 2 of its levels.
You visited the Abyss 1 time.

You collected 38 gold pieces.

Inventory:

Armour
 b - a +0 leather armour (worn)
Potions
 a - a potion of curing {unknown}
 c - a potion of haste
 d - a potion of heal wounds {unknown}
 e - a potion of cancellation {unknown}
 f - a potion of degeneration {unknown}


   Skills:
 + Level 3.3 Fighting
 + Level 2.1 Long Blades
 + Level 1.8 Armour
 + Level 1.1 Dodging
 + Level 2.6 Invocations


You had one spell level left.
You didn't know any spells.
Your spell library contained the following spells:

 Spells                   Type           Power      Damage    Failure   Level
 Call Canine Familiar     Summ           0%         N/A       80%         3
 Portal Projectile        Hex/Tloc       0%         N/A       80%         3
 Leda's Liquefaction      Hex/Erth       0%         N/A       99%         4


Dungeon Overview and Level Annotations

Branches:
Dungeon (2/15)

Altars:

Annotations:
D:2 Robin


Innate Abilities, Weirdness & Mutations

You have sharp fingernails.


Message History

A goblin comes into view. It is wielding a +0 dagger.
The goblin closely misses you.
The hobgoblin hits you but does no damage.
Robin shouts!
There is an open door here.
You scratch the hobgoblin but do no damage.
The goblin barely misses you. The hobgoblin hits you. The goblin misses you.
You scratch the hobgoblin but do no damage.
Robin roars a battlecry!
The goblins go into a battle-frenzy!
The goblin closely misses you. The hobgoblin hits you.
The goblin hits you with a +0 club.
You are too injured to fight recklessly!
You are too injured to fight recklessly!
You scratch the goblin.
You kill the goblin!
Lugonu accepts your kill.
You scratch the goblin.
The goblin is heavily wounded.
The goblin hits you with a +0 club.
You scratch the goblin.
The goblin is severely wounded.
Robin's horned helmet rattles.
Robin throws the goblin at you!
The goblin hits you with a +2 dagger of electrocution.
* * * LOW HITPOINT WARNING * * *
The goblin hits you but does no damage.
It was a potion of haste.
You feel yourself speed up. The goblin closely misses you.
The goblin barely misses you.
You closely miss the goblin.
The goblin is severely wounded.
Robin throws the goblin at you! The goblin hits you with a +0 dagger.
* * * LOW HITPOINT WARNING * * *
You scratch the goblin.
You kill the goblin!
Lugonu accepts your kill. The goblin barely misses you.
You scratch the hobgoblin but do no damage.
The goblin hits you with a +0 dagger.
You die...

### #.. #+# #.# ##.#
#.## ##..#####..##
#####.#
####..........g##g.....#
#.....⌠..>..⌠.g@gggw...#
..##..†........##gg....#
###..#####..## .!....#
#.##.# #.## ......#
#..#'# # #'# #####.#
######..#.##..# #
...............
#####........#
..###........#


You could see a worm, Robin, 3 hobgoblins and 4 goblins.

Vanquished Creatures
  2 ball pythons (D:1)
  An endoplasm (D:2)
  A giant cockroach (D:2)
  2 goblins (D:2)
  A hobgoblin (D:2)
  A kobold (D:1)
  A quokka (D:2)
  2 bats (D:1)
  3 frilled lizards
  A rat (D:2)
15 creatures vanquished.

Notes
Turn   | Place    | Note
-------+----------+-------------------------------------------
     0 | Abyss:1  | moldycheese5 the Demonspawn Abyssal Knight began the quest
                  | for the Orb.
     0 | Abyss:1  | Reached XP level 1. HP: 18/18 MP: 2/2
     0 | D:1      | Escaped the Abyss
    62 | D:1      | Reached * piety under Lugonu
   148 | D:1      | Reached skill level 1 in Dodging
   462 | D:2      | Gained mutation: You have sharp fingernails. [demonic
                  | ancestry]
   462 | D:2      | Reached XP level 2. HP: 19/24 MP: 3/3
   566 | D:2      | Noticed Robin
   577 | D:2      | Slain by a goblin

Illustrated notes

Levels and vault maps discovered:
D:1:      dpeg_arrival_leaves_temple_mockup, layout_rooms, serial_bayou_crossing
D:2:      layout_basic, hellmonk_ecumenical_altar_dog_temple,
          grunt_ministairs_15, minmay_between, uniq_robin

Skill      XL: |  1 |
---------------+----+-----
Dodging        | 1 |  1.1
Long Blades    | 2 |  2.1
Fighting       | |  3.3
Armour         | |  1.8
Invocations    | |  2.6

Action                   || total
-------------------------++-------
Melee: Falchion          ||    26
       Unarmed           ||    13
Invok: Depart the Abyss  ||     1
  Use: Potion            ||     1
Armor: Leather armour    ||    12
Dodge: Dodged            ||    29
